 Dungeon Crawl Stone Soup version 0.28-a0-828-g0121872642 (webtiles) character file.

Game seed: 14433614491654692233

36 Crownlay the Firebug (level 3, -4/26 HPs)
             Began as a Draconian Fire Elementalist on Nov 10, 2021.
             Slain by an iguana (9 damage)
             ... on level 2 of the Dungeon.
             The game lasted 00:02:05 (1248 turns).

Crownlay the Firebug (Draconian Fire Elementalist)  Turns: 1248, Time: 00:02:06

Health: -4/26      AC:  5    Str: 10    XL:     3   Next: 19%
Magic:  3/7        EV: 12    Int: 16    God:
Gold:   28         SH:  0    Dex: 11    Spells: 5/8 levels left

rFire   . . .      SeeInvis .   b - +0 short sword
rCold   . . .      Faith    .   (no shield)
rNeg    . . .      Spirit   .   (armour unavailable)
rPois   .          Reflect  .   (helmet restricted)
rElec   .          Harm     .   (no cloak)
rCorr   .          Rampage  .   (no gloves)
Will    .....                   (no boots)
Stlth   ++........              (no amulet)
HPRegen 0.08/turn               (no ring)
MPRegen 0.10/turn               (no ring)

@: no status effects
A: AC +5, unfitting armour, cold-blooded
a: no special abilities


You were on level 2 of the Dungeon.
You visited 1 branch of the dungeon, and saw 2 of its levels.

You collected 28 gold pieces.

Inventory:

Hand Weapons
 b - a +0 short sword (weapon)
 g - a +0 dagger of holy wrath
Scrolls
 c - a scroll of blinking {unknown}
 e - a scroll of fear {unknown}
 f - a scroll of holy word {unknown}
Potions
 a - a potion of magic {unknown}
 d - a potion of ambrosia {unknown}


   Skills:
 - Level 1.7 Dodging
 - Level 1.7 Stealth
 * Level 3.1 Spellcasting
 - Level 1.0 Conjurations
 + Level 3.4 Fire Magic


You had 5 spell levels left.
You knew the following spells:

 Your Spells              Type           Power      Damage    Failure   Level
a - Foxfire               Conj/Fire      36%        2x1d5     8%          1
b - Scorch                Fire           26%        2d6       7%          2

Your spell library contained the following spells:

 Spells                   Type           Power      Damage    Failure   Level
 Conjure Flame            Conj/Fire      9%         6-21      22%         3
 Inner Flame              Hex/Fire       8%         N/A       26%         3
 Flame Wave               Conj/Fire      9%         3d4       58%         4


Dungeon Overview and Level Annotations

Branches:
Dungeon (2/15)

Altars:


Innate Abilities, Weirdness & Mutations

Your plain brown scales are hard. (AC +5)
You cannot fit into any form of body armour.
You are cold-blooded and may be slowed by cold attacks.


Message History

No target in view!
No target in view!
No target in view!
Things that are here:
a +0 dagger; 4 stones
Found a long sword.
You now have 28 gold pieces (gained 3).
An endoplasm comes into view.
An endoplasm is nearby!
Found a hunting sling.
The endoplasm quivers.
An iguana comes into view.
The helpless iguana fails to defend itself.
You hit the iguana but do no damage. The endoplasm misses you.
The iguana bites you!
You hit the iguana.
Your tail-slap misses the iguana.
The iguana is lightly wounded.
The iguana bites you! The endoplasm freezes you.
You are frozen.
* * * LOW HITPOINT WARNING * * *
You feel yourself slow down. The endoplasm closely misses you.
The iguana closely misses you.
You are too injured to fight recklessly!
You are too injured to fight recklessly!
You are too injured to fight recklessly!
Casting: Foxfire (safe; 8% risk of failure)
Confirm with . or Enter, or press ? or * to list all spells.
Flames lash the endoplasm.
You kill the endoplasm!
The iguana bites you.
* * * LOW HITPOINT WARNING * * *
Casting: Scorch (safe; 7% risk of failure)
Confirm with . or Enter, or press ? or * to list all spells.
Flames lash the iguana.
The iguana is heavily wounded.
The iguana's fire resistance burns away.
You feel yourself speed up. The iguana bites you!
You die...

...# #.######.#
##### #......#
#.####.# #.# #.#
#.#
####.##########
#..............
........##@.#.#.#
.#####.).l........
#..##......##
#..##......#
#.###...).... #.
#.##.#### .. #.#
.# ..# .#


You could see an iguana (combustible).

Vanquished Creatures
  A worm (D:2)
  A dart slug (D:1)
  3 bats (D:1)
  2 endoplasms
  A giant cockroach (D:1)
  7 goblins
  3 hobgoblins (D:1)
  6 kobolds
  4 frilled lizards (D:1)
  2 rats (D:1)
30 creatures vanquished.

Vanquished Creatures (others)
  32 foxfires
32 creatures vanquished.

Grand Total: 62 creatures vanquished

Notes
Turn   | Place    | Note
-------+----------+-------------------------------------------
     0 | D:1      | Crownlay the Draconian Fire Elementalist began the quest
                  | for the Orb.
     0 | D:1      | Reached XP level 1. HP: 14/14 MP: 3/3
     3 | D:1      | Noticed an electric eel
     4 | D:1      | Noticed an electric eel
    16 | D:1      | Found a faded altar of an unknown god.
   166 | D:1      | Reached XP level 2. HP: 12/20 MP: 1/5
   945 | D:1      | Learned a level 2 spell: Scorch
  1034 | D:2      | Reached XP level 3. HP: 15/26 MP: 1/7
  1248 | D:2      | Slain by an iguana

Illustrated notes

Levels and vault maps discovered:
D:1:      arrival_aquarium_b, layout_basic, basic_ecumenical_altar,
          supply_closet_lemuel, minmay_curled_crystal
D:2:      layout_loops_corners, minivault_4, roderic_lattice_a

Skill      XL: |  1  2 |
---------------+-------+-----
Spellcasting   | 3 |  3.1
Dodging        | |  1.7
Stealth        | |  1.7
Conjurations   | |  1.0
Fire Magic     | |  3.4

Action                   || total
-------------------------++-------
Melee: Unarmed           ||    10
       Tailslap          ||     7
       Short sword       ||    43
 Cast: Foxfire           ||    20
       Scorch            ||     3
 Stab: Sleeping          ||     2
Armor: Skin              ||    12
Dodge: Dodged            ||    42

Table legend: (Time is in decaauts)
 A = Elapsed time spent in this place.
 B = Non-inter-level travel time spent in this place.
 C = Inter-level travel time spent in this place.
 D = Time resting spent in this place.
 E = Time spent auto-exploring this place.
 F = Levels seen in this place.
 G = Mean time per level.
                   A        B        C        D        E       F      G
               +--------+--------+--------+--------+--------+-----+--------+
         Total |   1253 |   1193 |     60 |      0 |    974 |   2 |  626.5 |
       Dungeon |   1253 |   1193 |     60 |      0 |    974 |   2 |  626.5 |
               +--------+--------+--------+--------+--------+-----+--------+

Top non-repeatable levels by time:
     D:1: 1023 daAuts
     D:2: 230 daAuts
